 Dungeon Crawl Stone Soup version 0.26.1-11-gd32895ea62 (webtiles) character file.

Game seed: 7253524942683998692

2417 Arsuriii the Shield-Bearer (level 9, -7/54 HPs)
             Began as a Gargoyle Fighter on Apr 20, 2021.
             Was a Believer of Uskayaw.
             Killed by divine providence
             ... invoked by an orc priest
              (15 damage)
             ... on level 7 of the Dungeon.
             The game lasted 00:39:00 (9070 turns).

Arsuriii the Shield-Bearer (Gargoyle Fighter)       Turns: 9070, Time: 00:39:01

Health: -7/54      AC: 22    Str: 22    XL:     9   Next: 47%
Magic:  9/9        EV: 12    Int: 10    God:    Uskayaw [**....]
Gold:   416        SH: 12    Dex: 21    Spells: 8/8 levels left

rFire    . . .     SeeInvis .   g - +0 flail
rCold    . . .     Faith    .   c - +0 kite shield
rNeg     + . .     Spirit   .   y - quicksilver dragon scales
rPois    ∞         Reflect  .   q - +0 helmet
rElec    +         Harm     .   e - +2 cloak
rCorr    .         Rampage  .   (no gloves)
Will     +....                  (no boots)
Stlth    ++........             d - amulet of inaccuracy
HPRegen  0.18/turn              h - +6 ring of dexterity
MPRegen  0.11/turn              k - +6 ring of dexterity

@: no status effects
A: negative energy resistance 1, electricity resistance, unbreathing,
petrification resistance, miasma immunity, AC +6
a: Renounce Religion, Stomp, Line Pass


You were on level 7 of the Dungeon.
You worshipped Uskayaw.
Uskayaw was noncommittal.
You visited 1 branch of the dungeon, and saw 7 of its levels.

You collected 416 gold pieces.

Inventory:

Hand Weapons
 g - a +0 flail (weapon)
Armour
 c - a +0 kite shield (worn)
 e - a +2 cloak (worn)
 q - a +0 helmet (worn)
 y - quicksilver dragon scales (worn)
Jewellery
 d - an amulet of inaccuracy (around neck)
 h - a +6 ring of dexterity (left hand)
 k - a +6 ring of dexterity (right hand)
Scrolls
 b - 2 scrolls of vulnerability {unknown}
 f - 7 scrolls of identify {unknown}
 i - 2 scrolls of teleportation {unknown}
 j - a scroll of magic mapping {unknown}
 n - a scroll of blinking {unknown}
 p - 2 scrolls of amnesia {unknown}
 r - 2 scrolls of noise {unknown}
 u - 2 scrolls of remove curse
 v - a scroll of random uselessness {unknown}
Potions
 l - a potion of cancellation
 o - a potion of flight


   Skills:
 + Level 5.5 Fighting
 + Level 7.4 Maces & Flails
 + Level 5.6 Armour
 + Level 3.1 Dodging
 + Level 3.0 Stealth
 + Level 7.8 Shields
 + Level 1.2 Unarmed Combat


You had 8 spell levels left.
You didn't know any spells.
Your spell library was empty.

Dungeon Overview and Level Annotations

Branches:
Dungeon (7/15)
 Temple: D:4-7

Altars:
Elyvilon
Kikubaaqudgha
Qazlal
Ru
Uskayaw

Shops:
D:4 (


Innate Abilities, Weirdness & Mutations

You are resistant to torment.
Your stone body is resilient. (AC +6)
You are immune to poison.
You resist negative energy. (rN+)
You are resistant to electric shocks. (rElec)
You can survive without breathing.
You are immune to petrification.
You are immune to miasma.


Message History

A puff of frost appears from out of thin air!
You block the puff of frost.
The orc warrior hits you from afar with a +0 trident!
The orc hits you but does no damage.
The orc priest hits you but does no damage.
The orc priest invokes the aid of Beogh against you.
Beogh smites you!
* * * LOW HITPOINT WARNING * * *
Something hits you but does no damage.
You miss something. You block the orc warrior's attack.
You block the orc priest's attack. The orc hits you but does no damage.
You hear some strange, mumbled words.
Something hits you but does no damage. Something hits you but does no damage.
Something completely misses you.
The orc throws a boomerang.
You block the boomerang.
The orc priest invokes the aid of Beogh against you.
You easily resist.
You block something's attack.
The orc priest invokes the aid of Beogh against you.
Beogh smites you!
You die...

......##>... .
#.....#.....#......
..###.....#............
#$.#........##.......###.
...........O.##.....##...
...........o.o.......(...
...........oo#...........
...........#o............
........ooo#o..@...!.....
.......oo.###....<.......
......O.$##.#............
.........)†...........###
..#......##............#
. #.....###..#...........
#.....# #......#.......
#.(#... ###............
.....###.# ..##.........


You could see an orc warrior, 2 orc priests and 3 orcs.

Vanquished Creatures
  Eustachio (D:6)
  Menkaure (D:6)
  An ice beast (D:5)
  4 ogres
  An orc warrior (D:6)
  A phantom (D:6)
  A centaur (D:5)
  2 bullfrogs (D:6)
  3 scorpions
  9 wights (D:6)
  2 centaur skeletons
  A bullfrog zombie (D:6)
  2 hounds
  3 orc priests
  Crazy Yiuf (D:3)
  Ijyb (D:3)
  4 orc wizards
  5 worker ants
  Robin (D:3)
  3 gnolls (D:4)
  11 adders
  A white imp (D:6)
  3 oozes
  An adder zombie (D:5)
  An adder skeleton (D:5)
  2 worms (D:2)
  4 dart slugs
  6 leopard geckos
  22 orcs
  8 giant cockroaches
  15 goblins
  11 hobgoblins
  4 jackals
  9 kobolds
  3 quokkas
  12 bats
  7 frilled lizards
  A leopard gecko zombie (D:5)
  11 rats
  2 bushes (D:6)
181 creatures vanquished.

Vanquished Creatures (others)
  A bullfrog (D:6)
  2 bushes (D:6)
  A plant (D:6)
4 creatures vanquished.

Grand Total: 185 creatures vanquished

Notes
Turn   | Place    | Note
-------+----------+-------------------------------------------
     0 | D:1      | Arsuriii the Gargoyle Fighter began the quest for the Orb.
     0 | D:1      | Reached XP level 1. HP: 14/14 MP: 1/1
    25 | D:1      | Reached XP level 2. HP: 8/19 MP: 2/2
   601 | D:1      | Reached XP level 3. HP: 23/23 MP: 3/3
  1190 | D:2      | Reached XP level 4. HP: 28/28 MP: 4/4
  1548 | D:2      | Found a hide-covered altar of Uskayaw.
  1578 | D:2      | Became a worshipper of Uskayaw the Reveller
  1696 | D:2      | Reached * piety under Uskayaw
  1735 | D:2      | Found an ancient bone altar of Kikubaaqudgha.
  2244 | D:3      | Reached ** piety under Uskayaw
  2248 | D:3      | Noticed Ijyb
  2270 | D:3      | Reached XP level 5. HP: 33/33 MP: 5/5
  2295 | D:3      | Noticed Robin
  2322 | D:3      | Killed Ijyb
  2329 | D:3      | Killed Robin
  2546 | D:3      | Found a stormy altar of Qazlal.
  3194 | D:3      | Reached XP level 6. HP: 38/38 MP: 6/6
  3407 | D:3      | Found a runed translucent door.
  3408 | D:3      | Noticed Crazy Yiuf
  3419 | D:3      | Killed Crazy Yiuf
  3420 | D:3      | Reached skill level 5 in Shields
  3707 | D:4      | Reached skill level 1 in Dodging
  3818 | D:4      | Found Lapt's Weapon Boutique.
  4047 | D:4      | Reached *** piety under Uskayaw
  4058 | D:4      | Reached **** piety under Uskayaw
  4059 | D:4      | Reached XP level 7. HP: 43/43 MP: 7/7
  4783 | D:5      | Entered Level 5 of the Dungeon
  4795 | D:5      | Reached skill level 5 in Maces & Flails
  4847 | D:5      | Reached skill level 1 in Stealth
  5318 | D:5      | Reached skill level 5 in Armour
  5539 | D:5      | Reached XP level 8. HP: 39/48 MP: 8/8
  5949 | D:6      | Found a white marble altar of Elyvilon.
  5993 | D:6      | Reached skill level 5 in Fighting
  6113 | D:6      | Noticed Menkaure
  6138 | D:6      | Killed Menkaure
  6447 | D:6      | Found a sacrificial altar of Ru.
  6457 | D:6      | Reached XP level 9. HP: 54/54 MP: 9/9
  6542 | D:6      | Reached ***** piety under Uskayaw
  7090 | D:6      | Noticed Eustachio
  8012 | D:6      | Killed Eustachio
  8013 | D:6      | Reached skill level 1 in Unarmed Combat
  9070 | D:7      | Killed from afar by an orc priest

Illustrated notes

Levels and vault maps discovered:
D:1:      dpeg_arrival_boxes_within_box, layout_loops_ring
D:2:      layout_loops_corners, eat_drink_and_be_merry_uskayaw,
          marbit_many_paths, corexii_hall_statues_s, minmay_quantized
D:3:      layout_basic, hangedman_decor_slide_cut,
          nicolae_qazlal_general_emergency, uniq_robin, uniq_crazy_yiuf_cottage,
          uniq_ijyb
D:4:      layout_basic, serial_shops, shop
D:5:      layout_basic, bh_walls_and_bars
D:6:      layout_loops_cross, elyvilon_altar_1,
          nicolae_ru_great_annihilating_truth, minmay_hedge_maze, minivault_22,
          water_maze_lemuel, uniq_menkaure, uniq_eustachio
D:7:      layout_cave_pools, grunt_temple_overflow_opulence,
          lemuel_doored_altar, lemuel_blue_sif_altar, lemuel_round_altar,
          minmay_temple_entry_large_hall, minmay_bent

Skill      XL: |  1  2  3  4  5  6  7  8  9 |
---------------+----------------------------+-----
Shields        | 4 5 7 |  7.8
Armour         | 4 5 |  5.6
Maces & Flails | 3 4 5 7 |  7.4
Dodging        | 1 2 3 |  3.1
Fighting       | 4 5 |  5.5
Stealth        | 1 2 3 |  3.0
Unarmed Combat | 1 |  1.2

Action                   |  1- 3 |  4- 6 |  7- 9 || total
-------------------------+-------+-------+-------++-------
Melee: Flail             |   111 |   348 |   371 ||   830
       Unarmed           |       |    15 |   823 ||   838
       Rapier            |       |       |   222 ||   222
  Use: Potion            |       |     3 |    12 ||    15
       Scroll            |       |       |     1 ||     1
 Stab: Paralysed         |       |     1 |     9 ||    10
       Invisible         |       |       |     1 ||     1
Armor: Scale mail        |    71 |   227 |    40 ||   338
       Skin              |       |    15 |       ||    15
       Quicksilver drago |       |       |   823 ||   823
Dodge: Dodged            |    46 |   133 |   792 ||   971
Block: Kite shield       |    80 |   239 |  1209 ||  1528
